 Dungeon Crawl Stone Soup version 0.22-a0-601-gb0ed703ee0 (webtiles) character file.

20043 Oakleaf the Severer (level 12, -13/117 HPs)
             Began as a Minotaur Berserker on July 7, 2018.
             Was a High Priest of Trog.
             Mangled by a very large slime creature (43 damage)
             ... on level 12 of the Dungeon.
             The game lasted 01:03:01 (14081 turns).

Oakleaf the Severer (Minotaur Berserker)           Turns: 14081, Time: 01:03:02

Health: -13/117    AC: 17    Str: 24    XL:     12   Next: 41%
Magic:  11/11      EV: 12    Int:  4    God:    Trog [*****.]
Gold:   914        SH:  0    Dex: 17    Spells: 11/11 levels left

rFire    . . .     SeeInvis .   T - +3 battleaxe (freeze)
rCold    + . .     Gourm    +   (shield currently unavailable)
rNeg     . . .     Faith    .   W - +1 chain mail {rC+}
rPois    .         Spirit   .   (helmet restricted)
rElec    .         Reflect  .   (no cloak)
rCorr    .         Harm     .   K - +0 pair of gloves
MR       .....                  (no boots)
Stlth    ..........             y - amulet of the gourmand
HPRegen  0.29/turn              j - +4 ring of dexterity
MPRegen  0.12/turn              U - +2 ring of protection

@: berserk cooldown, slowed, very slow
A: retaliatory headbutt, horns 2
a: Berserk, Trog's Hand, Brothers in Arms, Renounce Religion


You were on level 12 of the Dungeon.
You worshipped Trog.
Trog was extremely pleased with you.
You were not hungry.

You visited 1 branch of the dungeon, and saw 12 of its levels.
You also visited: Ossuary.

You collected 914 gold pieces.

Inventory:

Hand Weapons
 a - a +0 hand axe
 z - a +2 whip of electrocution
 B - a +0 scythe of slicing
 T - a +3 battleaxe of freezing (weapon)
Armour
 b - a +0 animal skin
 f - a +0 ring mail
 l - a +0 scale mail
 v - a +2 chain mail
 A - a +2 robe of magic resistance
 D - a +0 ring mail
 E - a +0 scale mail
 G - a +0 plate armour
 K - a +0 pair of gloves (worn)
 Q - a +0 troll leather armour
 W - a +1 chain mail of cold resistance (worn)
Jewellery
 j - a +4 ring of dexterity (left hand)
 y - an amulet of the gourmand (around neck)
 C - an uncursed amulet of the gourmand
 F - an uncursed ring of protection from magic
 N - a +5 ring of intelligence
 P - an uncursed ring of protection from magic
 U - a +2 ring of protection (right hand)
Wands
 u - a wand of polymorph (20)
 H - a wand of acid (5)
 L - a wand of flame (25)
 X - a wand of iceblast (6)
 Y - a wand of disintegration (16)
Scrolls
 d - 7 scrolls of remove curse
 e - 4 scrolls of identify
 g - a scroll of magic mapping {unknown}
 h - 2 scrolls of noise
 k - 6 scrolls of teleportation
 s - 6 scrolls of fog
 t - a scroll of brand weapon {unknown}
 x - 4 scrolls of amnesia
 I - a scroll of silence {unknown}
 J - 2 scrolls of summoning {unknown}
 R - a scroll of immolation {unknown}
 Z - a scroll of enchant armour
Potions
 i - 9 potions of curing
 m - 4 potions of agility
 n - a potion of heal wounds
 o - a potion of flight
 p - 2 potions of degeneration
 q - a potion of resistance {unknown}
 r - a potion of might {unknown}
 w - a potion of brilliance {unknown}
 M - a potion of magic {unknown}
 S - a potion of berserk rage
Miscellaneous
 O - a sack of spiders
 V - a lamp of fire
Comestibles
 c - 19 rations


   Skills:
 * Level 14.0 Fighting
 + Level 15.0 Axes
 + Level 12.3 Armour
 + Level 5.1 Dodging
 + Level 1.5 Stealth


You had 11 spell levels left.
You didn't know any spells.
Your spell library contained the following spells:

 Spells                   Type           Power        Failure   Level  Hunger
 Throw Frost              Conj/Ice       #.....       99%         2    ###....
 Summon Small Mammal      Summ           #...         95%         1    ##.....
 Freeze                   Ice            #...         95%         1    ##.....
 Summon Ice Beast         Ice/Summ       #.......     100%        4    #####..
 Ozocubu's Armour         Chrm/Ice       #.......     100%        3    ####...
 Call Imp                 Summ           #.......     99%         2    ###....
 Throw Icicle             Conj/Ice       #.......     100%        4    #####..
 Call Canine Familiar     Summ           #.......     100%        3    ####...
 Summon Lightning Spire   Summ/Air       #.......     100%        4    #####..
 Summon Guardian Golem    Hex/Summ       #.......     100%        3    ####...


Dungeon Overview and Level Annotations

Branches:
Dungeon (12/15)            Temple (0/1) D:5            Lair (0/6) D:11
    Orc (0/2) D:12

Altars:
Ashenzari
Dithmenos
Gozag
Okawaru
Qazlal
Sif Muna
Uskayaw
Xom
Yredelemnul
The Shining One

Shops:
D:8 [

Annotations:
D:12 Erolcha


Innate Abilities, Weirdness & Mutations

You reflexively headbutt those who attack you in melee.
You have a pair of horns on your head.


Message History

The very large slime creature hits you!!!
You slice the very large slime creature!!
You freeze the very large slime creature.
You headbutt the very large slime creature!
The very large slime creature is lightly wounded.
The very large slime creature hits you!!!
* * * LOW HITPOINT WARNING * * *
You slice the very large slime creature!!
You freeze the very large slime creature!
You headbutt the very large slime creature!
The very large slime creature is moderately wounded.
The very large slime creature hits you!
* * * LOW HITPOINT WARNING * * *
Press: ? - help, v - describe, . - travel
Here: a very large slime creature (moderately wounded)
The floor.
You feel much better.
The very large slime creature barely misses you.
The very large slime creature hits you!!!
You die... #######.## ...... .....#≈≈≈.#...# ..... #.#.. #≈≈..#.... .... .... #≈>..§)))) ... !.. #§§.§#.))) ..#.. #≈§§§#.()# YY.

#######.## #. #J#
### # #.#.###@#
#.# ....#..##[# .
#.#.#[#.#..#
.......#.#.##
[#.#.#.#....#
............##
.#.#.#.#.#....##
#
...........(#..#
##
.#.#.#.#.#.#.##.#
###.


You could see a very large slime creature and 2 yaks.

Vanquished Creatures
  7 two-headed ogres
  A death knight (D:12)
  Pikel (D:5)
  2 wolf spider zombies (D:8)
  A deep elf mage (D:12)
  A slime creature (D:12)
  A cyclops (D:11)
  2 centaur skeletons
  A freezing wraith (D:12)
  2 hellwings
  5 trolls
  Grinder (D:3)
  A hornet (D:12)
  3 hippogriffs
  Sigmund (D:6)
  A spriggan (D:7)
  7 yaks
  2 wraiths
  Eustachio (D:5)
  A hungry ghost (D:12)
  An acid dragon (D:9)
  Duvessa (D:5)
  4 slaves
  7 orc warriors
  A black bear (D:6)
  An ice beast (D:9)
  A phantom (D:12)
  6 ogres
  A hornet zombie (D:12)
  A necrophage (D:9)
  2 centaurs
  3 big kobolds
  A gnoll sergeant (D:9)
  9 bullfrogs
  A wyvern zombie (D:11)
  Dowan (D:5)
  13 scorpions
  9 killer bees
  3 wights (D:10)
  3 howler monkeys
  8 crimson imps
  3 hounds
  2 quasits
  3 bullfrog zombies
  10 centaur zombies
  3 jellies
  2 human zombies (Ossuary)
  8 orc priests
  3 iguanas
  6 worker ants
  6 orc wizards
  A big kobold zombie (Ossuary)
  2 hound zombies
  4 mummies
  4 worker ant zombies
  16 adders
  7 gnolls
  A howler monkey skeleton (D:11)
  5 shadow imps
  An adder zombie (D:5)
  2 adder skeletons
  3 worms
  2 dart slugs
  2 leopard geckos
  39 orcs
  2 giant cockroaches
  3 gnoll zombies (Ossuary)
  5 goblins
  10 hobgoblins
  3 jackals (D:4)
  3 quokkas
  4 ball pythons
  9 bats
  6 frilled lizards
  A goblin zombie (Ossuary)
  4 hobgoblin zombies (Ossuary)
  22 kobolds
  A kobold zombie (D:4)
  2 orc zombies
  A quokka skeleton (D:8)
  5 rats
335 creatures vanquished.

Vanquished Creatures (collateral kills)
  A two-headed ogre (D:12)
  A manticore (D:12)
  A freezing wraith (D:12)
  A troll (D:12)
  2 big kobolds (D:11)
  2 killer bees (D:11)
  A hound (D:12)
  An iguana (D:12)
  A worker ant zombie (D:11)
  8 kobolds (D:11)
19 creatures vanquished.

Vanquished Creatures (others)
  A black bear (D:9)
  An adder (D:12)
2 creatures vanquished.

Grand Total: 356 creatures vanquished

Notes
Turn   | Place    | Note
-------+----------+-------------------------------------------
     0 | D:1      | Oakleaf the Minotaur Berserker began the quest for the Orb.
     0 | D:1      | Reached XP level 1. HP: 19/19 MP: 0/0
   463 | D:1      | Reached skill level 4 in Axes
   468 | D:1      | Reached XP level 2. HP: 24/27 MP: 1/1
   759 | D:2      | Found a shadowy altar of Dithmenos.
   781 | D:2      | Reached XP level 3. HP: 30/33 MP: 2/2
   848 | D:2      | Reached ** piety under Trog
  1143 | D:2      | Reached skill level 5 in Axes
  1143 | D:2      | Reached XP level 4. HP: 38/41 MP: 3/3
  1576 | D:3      | Noticed Grinder
  1594 | D:3      | Killed Grinder
  1594 | D:3      | Reached skill level 6 in Axes
  1594 | D:3      | Reached XP level 5. HP: 33/47 MP: 4/4
  1594 | D:3      | Reached XP level 6. HP: 37/53 MP: 5/5
  1986 | D:3      | Noticed a dagger
  1987 | D:3      | Found a hide-covered altar of Uskayaw.
  1987 | D:3      | Noticed a dagger
  2324 | D:3      | Found a faded altar of an unknown god.
  2667 | D:4      | Reached skill level 7 in Axes
  2676 | D:4      | Found a sand-covered staircase.
  2687 | Ossuary  | Entered an ossuary
  2795 | Ossuary  | Reached XP level 7. HP: 43/60 MP: 6/6
  2801 | Ossuary  | Reached skill level 5 in Fighting
  2806 | Ossuary  | Reached skill level 8 in Axes
  3025 | Ossuary  | Reached *** piety under Trog
  3559 | Ossuary  | Reached skill level 9 in Axes
  3615 | Ossuary  | Reached XP level 8. HP: 45/68 MP: 7/7
  3954 | D:4      | Noticed a hippogriff
  3969 | D:4      | Killed a hippogriff
  3969 | D:4      | Reached skill level 10 in Axes
  3969 | D:4      | Reached skill level 5 in Armour
  4361 | D:4      | Found a glowing golden altar of the Shining One.
  4590 | D:5      | Entered Level 5 of the Dungeon
  4849 | D:5      | Noticed Eustachio
  4883 | D:5      | Killed Eustachio
  4932 | D:5      | Noticed Duvessa
  4943 | D:5      | Noticed Dowan
  4949 | D:5      | Killed Duvessa
  4962 | D:5      | Killed Dowan
  4962 | D:5      | Reached **** piety under Trog
  5264 | D:5      | Noticed Pikel
  5272 | D:5      | Killed Pikel
  5272 | D:5      | Reached skill level 11 in Axes
  5272 | D:5      | Reached XP level 9. HP: 79/79 MP: 8/8
  5345 | D:5      | Found a shattered altar of Ashenzari.
  5389 | D:5      | Found a staircase to the Ecumenical Temple.
  5929 | D:6      | Noticed Sigmund
  5935 | D:6      | Killed Sigmund
  6079 | D:6      | Found a stormy altar of Qazlal.
  6080 | D:6      | Noticed a two-headed ogre
  6089 | D:6      | Killed a two-headed ogre
  6089 | D:6      | Reached skill level 12 in Axes
  6590 | D:6      | Found a shimmering altar of Xom.
  6933 | D:7      | Reached XP level 10. HP: 78/91 MP: 9/9
  7675 | D:7      | Found an iron altar of Okawaru.
  8078 | D:8      | Reached skill level 10 in Fighting
  8083 | D:8      | Reached ***** piety under Trog
  8094 | D:8      | Reached skill level 13 in Axes
  8108 | D:8      | Reached skill level 10 in Armour
  8511 | D:8      | Noticed a two-headed ogre
  8732 | D:8      | Killed a two-headed ogre
  8732 | D:8      | Reached XP level 11. HP: 102/102 MP: 10/10
  8776 | D:8      | Received a gift from Trog
  9000 | D:8      | Found a deep blue altar of Sif Muna.
  9003 | D:8      | Found a basalt altar of Yredelemnul.
  9006 | D:8      | Found an opulent altar of Gozag.
  9006 | D:8      | Noticed a two-headed ogre
  9021 | D:8      | Killed a two-headed ogre
  9143 | D:8      | Found a shimmering altar of Xom.
  9207 | D:8      | HP: 5/104 [acid (14)]
  9592 | D:8      | Found Badilecu's Armour Shop.
  9739 | D:9      | Noticed a two-headed ogre
  9748 | D:9      | Killed a two-headed ogre
 10447 | D:9      | Reached skill level 1 in Stealth
 10478 | D:9      | Found a stormy altar of Qazlal.
 10925 | D:9      | Found a stormy altar of Qazlal.
 11030 | D:10     | Entered Level 10 of the Dungeon
 11243 | D:10     | Noticed a two-headed ogre
 11249 | D:10     | Killed a two-headed ogre
 11249 | D:10     | Reached skill level 14 in Axes
 12613 | D:11     | Found a staircase to the Lair.
 13293 | D:12     | Noticed a two-headed ogre
 13294 | D:12     | Noticed a deep elf mage
 13296 | D:12     | Noticed Erolcha
 13304 | D:11     | Killed a two-headed ogre
 13306 | D:11     | Reached XP level 12. HP: 115/115 MP: 11/11
 13409 | D:12     | Noticed a death knight
 13413 | D:12     | Found a staircase to the Orcish Mines.
 13426 | D:12     | Reached skill level 5 in Dodging
 13434 | D:12     | Received a gift from Trog
 13597 | D:12     | Noticed a two-headed ogre
 13603 | D:12     | Killed a two-headed ogre
 13629 | D:12     | Killed a death knight
 13658 | D:12     | Noticed a two-headed ogre
 13670 | D:12     | Killed a two-headed ogre
 14071 | D:12     | Reached skill level 15 in Axes
 14080 | D:12     | HP: 1/117 [very large slime creature (13)]
 14081 | D:12     | Mangled by a very large slime creature

Vault maps used:
D:1:      minmay_arrival_four_circles
D:2:      nicolae_dithmenos_through_a_glass_darkly
D:3:      dancing_weapons_uskayaw, chequers_ecumenical_altar_grove,
          kennysheep_generic_room_5, uniq_grinder
D:4:      lemuel_doored_altar, nicolae_ossuary_entry_giza
D:5:      ashenzari_altar_1, minmay_temple_entry_statues_pillars, first_ration,
          uniq_crazy_yiuf_cottage, uniq_eustachio, uniq_pikel, uniq_duvessa
D:6:      hangedman_feature_mirror, uniq_sigmund
D:7:      lemuel_round_altar, the_bakery
D:8:      cheibrodos_grave_circle, grunt_temple_overflow_open, serial_shops,
          nicolae_shop_waterfront, xom_teletrap_fun
D:9:      nicolae_qazlal_eye_of_the_storm, basic_altar, feat_on_display
D:11:     lair_entry_dummy, small_statue_intersection
D:12:     david_orc_4, hex_large, statue_in_the_mist_lemuel, uniq_erolcha
Ossuary:  ossuary_minmay_scorpions

Skill      XL: |  1  2  3  4  5  6  7  8  9 10 11 12 |
---------------+-------------------------------------+-----
Axes           | 4 5 6 7 9 11 12 13 14 15 | 15.0
Fighting       | 4 5 7 9 11 13 14 | 14.0
Armour         | 3 4 6 8 10 11 12 | 12.3
Dodging        | 3 4 5 |  5.1
Stealth        | 1 |  1.5

Action                   |  1- 3 |  4- 6 |  7- 9 | 10-12 || total
-------------------------+-------+-------+-------+-------++-------
Melee: Hand axe          |    69 |    99 |   288 |   458 ||   914
       Headbutt          |    12 |    21 |    89 |   147 ||   269
       Battleaxe         |       |       |       |    74 ||    74
Invok: Berserk           |     4 |     3 |    12 |    24 ||    43
       Trog's Hand       |       |     1 |     2 |     4 ||     7
       Brothers in Arms  |       |       |       |     3 ||     3
  Use: Scroll            |       |       |    12 |     9 ||    21
       Potion            |       |       |       |     2 ||     2
  Eat: Chunk             |     4 |     6 |    15 |    36 ||    61
       Ration            |       |     1 |     5 |     3 ||     9
Armor: Animal skin       |     1 |       |       |       ||     1
       Ring mail         |    32 |    10 |       |       ||    42
       Scale mail        |       |    20 |    27 |       ||    47
       Chain mail        |       |       |    88 |   121 ||   209
       Plate armour      |       |       |       |   105 ||   105
Dodge: Dodged            |    58 |    54 |   129 |   269 ||   510

Table legend:
 A = Spawn XP
 B = Non-spawn XP
 C = Spawn XP percentage of total XP
 D = Spawn monster count
 E = Non-spawn monster count
 F = Spawn count percentage of total count
 G = Total turns spent on level
                    A         B        C        D         E        F      G
               +---------+---------+-------+---------+---------+-------+---------
         Total |       0 |   28634 |   0.0 |       0 |     351 |   0.0 | 14081
               +---------+---------+-------+---------+---------+-------+---------
           D:1 |       0 |      24 |   0.0 |       0 |      14 |   0.0 |   682
           D:2 |       0 |     100 |   0.0 |       0 |      28 |   0.0 |   747
           D:3 |       0 |     346 |   0.0 |       0 |      18 |   0.0 |   941
           D:4 |       0 |     430 |   0.0 |       0 |      17 |   0.0 |  1146
           D:5 |       0 |    1528 |   0.0 |       0 |      27 |   0.0 |  1080
           D:6 |       0 |    2011 |   0.0 |       0 |      18 |   0.0 |   984
           D:7 |       0 |    1293 |   0.0 |       0 |      14 |   0.0 |  1412
           D:8 |       0 |    6211 |   0.0 |       0 |      45 |   0.0 |  1436
           D:9 |       0 |    4215 |   0.0 |       0 |      29 |   0.0 |  1346
          D:10 |       0 |    1524 |   0.0 |       0 |      15 |   0.0 |   940
          D:11 |       0 |    3261 |   0.0 |       0 |      42 |   0.0 |  1433
          D:12 |       0 |    6696 |   0.0 |       0 |      54 |   0.0 |   678
       Ossuary |       0 |     995 |   0.0 |       0 |      30 |   0.0 |  1256
               +---------+---------+-------+---------+---------+-------+---------
